 Dungeon Crawl Stone Soup version 0.21.1-1-g345015f (webtiles) character file.

4874 kae the Cleaver (level 10, -5/90 HPs)
             Began as a Hill Orc Fighter on June 15, 2018.
             Was a Follower of Beogh.
             Slain by Gastronok (9 damage)
             ... on level 8 of the Dungeon.
             The game lasted 00:08:17 (9165 turns).

kae the Cleaver (Hill Orc Fighter)                  Turns: 9165, Time: 00:08:17

Health: -5/90      AC: 16    Str: 27    XL:     10   Next: 50%
Magic:  13/13      EV: 17    Int:  8    God:    Beogh [*.....]
Gold:   419        SH:  7    Dex: 16    Spells: 9/9 levels left

rFire    . . .     SeeInvis .   u - +2 war axe (freeze)
rCold    . . .     Gourm    .   E - +2 buckler
rNeg     . . .     Faith    .   b - +0 scale mail
rPois    .         Spirit   .   p - +0 helmet
rElec    .         Reflect  .   (no cloak)
rCorr    .         Harm     .   t - +0 pair of gloves
MR       .....                  (no boots)
Stlth    +.........             (no amulet)
HPRegen  0.25/turn              i - +4 ring of protection
MPRegen  0.13/turn              r - ring of wizardry

@: mighty, agile, slowed, very slow
A: iridescent scales 1, subdued magic 1
a: Renounce Religion


You were on level 8 of the Dungeon.
You worshipped Beogh.
Beogh was aware of your devotion.
You were hungry.

You visited 1 branch of the dungeon, and saw 8 of its levels.

You collected 419 gold pieces.

Inventory:

Hand Weapons
 a - a +1 war axe
 u - a +2 war axe of freezing (weapon)
Missiles
 F - 2 throwing nets (quivered)
Armour
 b - a +0 scale mail (worn)
 c - a +0 shield
 p - a +0 helmet (worn)
 t - a +0 pair of gloves (worn)
 E - a +2 buckler (worn)
Jewellery
 i - a +4 ring of protection (left hand)
 r - a ring of wizardry (right hand)
 y - a +2 amulet of reflection {unknown}
Wands
 m - a wand of paralysis (34)
 n - a wand of enslavement (22)
 s - a wand of polymorph (18)
 G - a wand of disintegration (18)
Scrolls
 e - 2 scrolls of random uselessness
 j - 3 scrolls of teleportation
 l - a scroll of fear
 w - 3 scrolls of remove curse
 C - a scroll of amnesia
Potions
 g - a potion of invisibility
 h - a potion of cancellation
 k - a potion of berserk rage {unknown}
 o - a potion of flight
 q - 2 potions of curing
 v - a potion of agility
 x - a potion of mutation
 z - a potion of resistance
 A - a potion of ambrosia {unknown}
Books
 B - the Collected Works on Dusty Moulding
   (You found it on level 5 of the Dungeon)

   Spells                             Type                      Level
   a - Sandblast                      Earth                        1
   b - Ignite Poison                  Fire/Transmutation/Poison    3
   c - Bolt of Magma                  Conjuration/Fire/Earth       5
   d - Borgnjor's Vile Clutch         Necromancy/Earth             5
   e - Statue Form                    Transmutation/Earth          6
 H - a book of Clouds

   Spells                             Type                      Level
   a - Poisonous Vapours              Poison/Air                   2
   b - Mephitic Cloud                 Conjuration/Poison/Air       3
   c - Conjure Flame                  Conjuration/Fire             3
   d - Freezing Cloud                 Conjuration/Ice/Air          6
   e - Ring of Flames                 Charms/Fire                  7
 I - a book of Maledictions

   Spells                             Type                      Level
   a - Corona                         Hexes                        1
   b - Ensorcelled Hibernation        Hexes/Ice                    2
   c - Confuse                        Hexes                        3
   d - Tukima's Dance                 Hexes                        3
   e - Dazzling Spray                 Conjuration/Hexes            3
Comestibles
 f - 14 rations


   Skills:
 + Level 8.9 Fighting
 * Level 12.7 Axes
 + Level 8.2 Armour
 + Level 3.3 Dodging
 - Level 4.0 Shields
 + Level 4.0 Evocations


You had 9 spell levels left.
You didn't know any spells.

Dungeon Overview and Level Annotations

Branches:
Dungeon (8/15)             Temple (0/1) D:7
   Lair: D:8-11

Altars:
Dithmenos
Elyvilon
Gozag
Nemelex Xobeh
Sif Muna
Trog
Wu Jian

Annotations:
D:8 Gastronok


Innate Abilities, Weirdness & Mutations

You are partially covered in iridescent scales. (AC +2)
Your spells are a little easier to cast, but a little less powerful.


Message History

a howler monkey corpse; a black bear corpse You slice Gastronok!!
You freeze Gastronok!
Gastronok is lightly wounded.
Gastronok bites you!
You slice Gastronok!! You freeze Gastronok.
Gastronok is moderately wounded.
You slice Gastronok!! You freeze Gastronok!
Gastronok is heavily wounded.
Gastronok looks at you while chanting.
You feel yourself slow down.
You hit Gastronok. You freeze Gastronok.
Gastronok is heavily wounded.
You slice Gastronok!! You freeze Gastronok!
Gastronok is severely wounded.
Gastronok bites you!!
* * * LOW HITPOINT WARNING * * *
You slash Gastronok! You freeze Gastronok.
Gastronok is almost dead.
Gastronok bites you!
You die...

#........≈≈..#
.h.#.....†......# ..
#............# . .w
#####..≈..≈..## ..
###.#######..≈.......
...###>..........≈≈≈......
........########........#.
........########........#.
..$....lw@................
........#################.
........# #... ...######
########... ## #..........
#.......... #.........†
#..÷...<... #..........


You could see Gastronok and an iguana.

Vanquished Creatures
  A hippogriff (D:8)
  Eustachio (D:6)
  2 hungry ghosts (D:8)
  4 vampire mosquitoes (D:8)
  2 orc warriors
  A sky beast (D:6)
  2 black bears (D:8)
  2 ice beasts (D:6)
  3 phantoms
  The ghost of kae the Chopper, an amateur HOFi (D:3)
  2 ogres (D:5)
  2 big kobolds
  3 bullfrogs
  A gnoll sergeant (D:4)
  5 scorpions
  A howler monkey (D:8)
  5 crimson imps
  A bullfrog skeleton (D:4)
  4 hounds
  2 orc priests
  4 gnoll shamans (D:4)
  A centaur skeleton (D:8)
  4 jellies
  9 orc wizards
  3 iguanas
  7 worker ants
  A killer bee zombie (D:7)
  A hound skeleton (D:6)
  A worker ant zombie (D:5)
  Robin (D:2)
  46 gnolls
  6 river rats (D:6)
  3 adders
  A shadow imp (D:8)
  2 oozes
  2 adder zombies
  2 adder skeletons (D:7)
  4 worms
  A dart slug (D:1)
  3 leopard geckos
  29 orcs
  A ball python (D:5)
  9 giant cockroaches
  12 goblins
  8 hobgoblins
  20 jackals
  10 kobolds
  8 quokkas
  11 bats
  3 frilled lizards
  A jackal zombie (D:6)
  24 rats
283 creatures vanquished.

Notes
Turn   | Place    | Note
-------+----------+-------------------------------------------
     0 | D:1      | kae the Hill Orc Fighter began the quest for the Orb.
     0 | D:1      | Reached XP level 1. HP: 19/19 MP: 1/1
    78 | D:1      | Reached skill level 3 in Axes
   100 | D:1      | Reached XP level 2. HP: 24/27 MP: 2/2
   344 | D:1      | Reached XP level 3. HP: 2/33 MP: 3/3
   876 | D:1      | Reached skill level 4 in Axes
  1311 | D:2      | Noticed Robin
  1323 | D:2      | Killed Robin
  1323 | D:2      | Reached XP level 4. HP: 38/40 MP: 4/4
  1504 | D:2      | Reached skill level 5 in Axes
  1504 | D:2      | Reached XP level 5. HP: 47/47 MP: 5/5
  1858 | D:3      | Noticed kae's ghost (amateur HOFi)
  1870 | D:3      | HP: 1/47 [kae's ghost (7)]
  1871 | D:3      | Killed kae's ghost
  2283 | D:3      | Reached skill level 5 in Fighting
  2283 | D:3      | Reached skill level 6 in Axes
  2283 | D:3      | Reached XP level 6. HP: 56/56 MP: 6/6
  2972 | D:4      | Reached skill level 7 in Axes
  2972 | D:4      | Reached skill level 5 in Armour
  2972 | D:4      | Reached XP level 7. HP: 15/61 MP: 7/7
  2983 | D:4      | HP: 3/61 [gnoll/spear (3)]
  3498 | D:3      | Gained mutation: Your spells are a little easier to cast, but a little less powerful. [potion of mutation]
  3498 | D:3      | Gained mutation: You are partially covered in iridescent scales. (AC +2) [potion of mutation]
  4131 | D:4      | Reached skill level 8 in Axes
  4726 | D:4      | Reached XP level 8. HP: 69/71 MP: 8/8
  5376 | D:5      | Entered Level 5 of the Dungeon
  5382 | D:5      | Reached skill level 9 in Axes
  5896 | D:5      | Reached skill level 10 in Axes
  5902 | D:5      | Identified the Collected Works on Dusty Moulding
  6115 | D:5      | Found an opulent altar of Gozag.
  6537 | D:6      | Reached XP level 9. HP: 19/79 MP: 9/9
  6540 | D:6      | Reached skill level 1 in Evocations
  6543 | D:6      | Reached skill level 1 in Dodging
  6872 | D:6      | Noticed Eustachio
  6888 | D:6      | Killed Eustachio
  6983 | D:6      | Reached skill level 11 in Axes
  7317 | D:6      | Found an ornate altar of the Wu Jian Council.
  7358 | D:6      | Found a sparkling altar of Nemelex Xobeh.
  7358 | D:6      | Found a white marble altar of Elyvilon.
  7363 | D:6      | Found a bloodstained altar of Trog.
  7365 | D:6      | Found a deep blue altar of Sif Muna.
  7366 | D:6      | Found a shadowy altar of Dithmenos.
  8427 | D:7      | Found a staircase to the Ecumenical Temple.
  8536 | D:7      | Reached XP level 10. HP: 73/90 MP: 12/12
  8545 | D:7      | Became a worshipper of Beogh the Brigand
  8800 | D:8      | Reached skill level 12 in Axes
  9117 | D:8      | Reached * piety under Beogh
  9134 | D:8      | Noticed Gastronok
  9164 | D:8      | HP: 3/90 [Gastronok (30)]
  9165 | D:8      | Slain by Gastronok

Skill      XL: |  1  2  3  4  5  6  7  8  9 10 |
---------------+-------------------------------+-----
Axes           | 3 4 5 6 7 8 10 11 12 | 12.7
Fighting       | 4 5 6 7 8 |  8.9
Armour         | 4 5 6 7 8 |  8.2
Evocations     | 3 4 |  4.0
Dodging        | 2 3 |  3.3
Shields        | 4 |  4.0

Action                   |  1- 3 |  4- 6 |  7- 9 | 10-12 || total
-------------------------+-------+-------+-------+-------++-------
Melee: War axe           |    99 |    91 |   532 |   119 ||   841
       Unarmed           |     3 |    22 |       |       ||    25
Invok: Convert to Beogh  |       |       |       |     1 ||     1
  Use: Potion            |       |     1 |     6 |     2 ||     9
       Scroll            |       |       |    15 |     2 ||    17
 Stab: Invisible         |       |       |     2 |       ||     2
  Eat: Chunk             |     1 |     6 |    15 |     6 ||    28
       Ration            |       |       |     1 |       ||     1
Armor: Scale mail        |    58 |    54 |   245 |    52 ||   409
       Skin              |       |       |    25 |       ||    25
Dodge: Dodged            |    53 |    82 |   211 |    54 ||   400
Block: Shield            |    10 |       |       |       ||    10
       Buckler           |       |       |    63 |    37 ||   100
